 Dungeon Crawl Stone Soup version 0.18.1-5-g4a78601 (webtiles) character file.

69 HungrySpirit the Ducker (level 4, 0/27 HPs)
             Began as a Halfling Wizard on May 11, 2016.
             Slain by an ooze (5 damage)
             ... on level 2 of the Dungeon.
             The game lasted 00:04:12 (1984 turns).

HungrySpirit the Ducker (Halfling Wizard)           Turns: 1984, Time: 00:04:12

Health: 0/27       AC:  4    Str:  7    XL:     4   Next: 42%
Magic:  1/7        EV: 14    Int: 17    God:
Gold:   67         SH:  0    Dex: 13    Spells: 1 memorised, 6 levels left

rFire  . . .     SeeInvis .     g - +0 short sword
rCold  . . .     Gourm    .     n - +0 leather armour
rNeg   . . .     Faith    .     (shield restricted)
rPois  .         Spirit   .     h - +0 helmet
rElec  .         Dismiss  .     (no cloak)
rCorr  .         Reflect  .     (no gloves)
SustAt .         Harm     .     (no boots)
MR     .....                    (no amulet)
Stlth  ++........               (no ring)
                                (no ring)

@: lethally poisoned (0 -> -6), not resistant to hostile enchantments,
unstealthy
A: mutation resistance 1
a: no special abilities


You were on level 2 of the Dungeon.
You were not hungry.

You visited 1 branch of the dungeon, and saw 2 of its levels.

You collected 67 gold pieces.

Inventory:

Hand Weapons
 e - a +0 dagger
 g - a +0 short sword (weapon)
Armour
 h - a +0 helmet (worn)
 n - a +0 leather armour (worn)
Scrolls
 a - a scroll of teleportation {unknown}
 b - 4 scrolls of identify {unknown}
 f - a scroll of recharging {unknown}
 j - 3 scrolls of remove curse {unknown}
 l - a scroll of immolation {unknown}
 o - a scroll of enchant armour {unknown}
Books
 c - a book of Minor Magic

   Spells                             Type                      Level
   a - Magic Dart                     Conjuration                  1
   b - Blink                          Translocation                2
   c - Call Imp                       Summoning                    2
   d - Repel Missiles                 Charms/Air                   2
   e - Slow                           Hexes                        2
   f - Conjure Flame                  Conjuration/Fire             3
   g - Mephitic Cloud                 Conjuration/Poison/Air       3
Comestibles
 d - 2 bread rations
 m - a meat ration
 p - a chunk of flesh


   Skills:
 * Level 3.1 Short Blades
 + Level 3.2 Dodging
 + Level 3.1 Stealth
 - Level 2.4 Spellcasting
 - Level 0.7 Conjurations
   Level 0.8 Summonings
   Level 1.1 Translocations


You had 6 spell levels left.
You knew the following spells:

 Your Spells              Type           Power        Failure   Level  Hunger
a - Magic Dart            Conj           #...         24%         1    #......


Dungeon Overview and Level Annotations

Branches:
Dungeon (2/15)

Altars:
Gozag


Innate Abilities, Weirdness & Mutations

You are small and have problems with some larger weapons.
You are somewhat resistant to further mutation.


Message History

Drink which item? (? for menu, Esc to quit)
It was a potion of flight.
You feel very buoyant.
You fly up into the air.
The adder barely misses you. The giant cockroach closely misses you.
The ooze barely misses you.
Drink which item? (? for menu, Esc to quit)
It was a potion of cancellation.
Your magical effects are unravelling.
Your magical contamination has completely faded away.
You feel magically purged.
* * * LOW HITPOINT WARNING * * *
You feel sick. The adder misses you.
The giant cockroach completely misses you.
The ooze closely misses you.
You hit the adder.
You kill the adder!
You float gracefully downwards.
* * * LOW HITPOINT WARNING * * *
You feel sick. The giant cockroach misses you. The ooze hits you.
You die...

##...........##........#
.#...........##........#
.#...........##........#
.#...........##........#
.......................#
#.###+######...........#
#..##.# #............
##.##.# #..[.........
##..#.# ####.@s......
....#.# #.†J......
....#.# <..........
......# .............
...#..# ...............
...#.># .......######..
...##.# ####### .)
...##.# #####.#


You could see an ooze and a giant cockroach.

Vanquished Creatures
  2 adders (D:2)
  3 worms (D:2)
  2 dart slugs
  A giant gecko (D:1)
  A giant cockroach (D:2)
  5 goblins
  6 hobgoblins
  2 jackals
  A ball python (D:1)
  7 bats
  2 kobolds (D:1)
  6 rats
38 creatures vanquished.

Notes
Turn   | Place    | Note
--------------------------------------------------------------
     0 | D:1      | HungrySpirit the Halfling Wizard began the quest for the Orb.
     0 | D:1      | Reached XP level 1. HP: 11/11 MP: 3/3
   251 | D:1      | Reached skill level 1 in Short Blades
   251 | D:1      | Reached XP level 2. HP: 5/17 MP: 0/5
  1181 | D:2      | Reached XP level 3. HP: 21/21 MP: 6/6
  1184 | D:2      | Found an opulent altar of Gozag.
  1611 | D:2      | Reached XP level 4. HP: 24/27 MP: 7/7
  1984 | D:2      | Slain by an ooze

Skill      XL: |  1  2  3  4 |
---------------+-------------+-----
Short Blades   | 1 2 3 |  3.1
Dodging        | 3 |  3.2
Stealth        | 3 |  3.1
Spellcasting   | |  2.4
Conjurations   | |  0.7
Summonings     | |  0.8
Translocations | |  1.1

Action                   |  1- 3 |  4- 6 || total
-------------------------+-------+-------++-------
Melee: Short sword       |   125 |    34 ||   159
       Dagger            |     3 |       ||     3
 Cast: Magic Dart        |    28 |     4 ||    32
  Use: Potion            |       |     2 ||     2
 Stab: Sleeping          |     1 |     1 ||     2
  Eat: Chunk             |     3 |     1 ||     4
Armor: Robe              |    13 |       ||    13
       Leather armour    |    27 |     7 ||    34
Dodge: Dodged            |   124 |    37 ||   161
